 Dungeon Sprint DCSS version 0.27.1-34-g3ba077fa99 (webtiles) character file.

Game seed: 14373377648516096477

2456 Groucho the Protected (level 9, 0/90 HPs)
             Began as a Minotaur Fighter on Jan 24, 2022.
             Was a Priest of Cheibriados.
             Slain by a centaur warrior (7 damage)
             ... in the Dungeon (Sprint IX: "|||||||||||||||||||||||||||||").
             The game lasted 00:02:30 (1026 turns).

Groucho the Protected (Minotaur Fighter)            Turns: 1026, Time: 00:02:30

Health: 0/90       AC: 18    Str: 28    XL:     9   Next: 26%
Magic:  14/15      EV:  7    Int: 12    God:    Cheibriados [***...]
Gold:   0          SH: 15    Dex: 26    Spells: 8/8 levels left

rFire    . . .     SeeInvis .   o - +3 war axe (freeze)
rCold    . . .     Faith    .   c - +0 kite shield
rNeg     . . .     Spirit   .   q - +0 plate armour
rPois    .         Reflect  .   (helmet restricted)
rElec    .         Harm     .   p - +0 cloak
rCorr    .         Rampage  .   (no gloves)
Will     .....     NoTele   +   a - +0 pair of boots
Stlth    ..........             (no amulet)
HPRegen  0.25/turn              b - +3 ring of dexterity
MPRegen  0.14/turn              r - +3 ring of dexterity

@: mighty, very slow
A: horns 2, retaliatory headbutt
a: Renounce Religion, Bend Time, Temporal Distortion


You were in the Dungeon.
You worshipped Cheibriados.
Cheibriados was most pleased with you.
You visited 1 branch

Inventory:

Hand Weapons
 n - a +2 morningstar of protection
 o - a +3 war axe of freezing (weapon)
Armour
 a - a +0 pair of boots (worn)
 c - a +0 kite shield (worn)
 p - a +0 cloak (worn)
 q - a +0 plate armour (worn)
Jewellery
 b - a +3 ring of dexterity (left hand)
 r - a +3 ring of dexterity (right hand)
Wands
 m - a wand of iceblast (10)
Scrolls
 j - a scroll of blinking
 l - 2 scrolls of amnesia
Potions
 g - a potion of haste
 h - 4 potions of magic
 i - a potion of berserk rage


   Skills:
 + Level 11.8 Fighting
 + Level 11.5 Axes
 + Level 11.8 Armour
 + Level 11.8 Shields
 + Level 9.5 Invocations


You had 8 spell levels left.
You didn't know any spells.
Your spell library was empty.

Dungeon Overview and Level Annotations

Branches:
Dungeon (1/1)

Altars:
Cheibriados
Dithmenos
Elyvilon
Fedhas
Gozag
Hepliaklqana
Kikubaaqudgha
Makhleb
Nemelex Xobeh
Okawaru
Qazlal
Ru
Sif Muna
Trog
Uskayaw
Vehumet
Wu Jian
Xom
Yredelemnul
Zin
The Shining One
Beogh
Jiyva
Lugonu


Innate Abilities, Weirdness & Mutations

You have a pair of horns on your head.
You reflexively headbutt those who attack you in melee.


Message History

The komodo dragon is heavily wounded.
The death knight's dark mirror aura disappears.
You block the komodo dragon's attack.
You closely miss the komodo dragon. You headbutt the komodo dragon.
The komodo dragon is heavily wounded.
The komodo dragon bites you!
* * * LOW HITPOINT WARNING * * *
You barely miss the komodo dragon.
The komodo dragon is heavily wounded.
You block the komodo dragon's attack.
You slice the komodo dragon!!
The komodo dragon seems to slow down.
You freeze the komodo dragon!
You kill the komodo dragon!
Cheibriados appreciates the change of pace.
Cheibriados raises the support of your attributes as your movement slows.
Your life force feels restored.
Unknown command.
You slice the wraith!! You freeze the wraith.
The wraith is heavily damaged.
You block the wraith's attack.
Unknown command.
You slice the wraith!! You freeze the wraith.
You destroy the wraith!
Cheibriados thoroughly appreciates the change of pace.
You can now warp the flow of time around you.
Cheibriados raises the support of your attributes as your movement slows.
The centaur warrior wields a +0 shortbow.
The centaur warrior shoots an arrow.
You block the arrow.
The centaur warrior unwields a +0 shortbow.
You block the centaur warrior's attack. The centaur warrior kicks you.
* * * LOW HITPOINT WARNING * * *
The centaur warrior misses you. You furiously retaliate!
You headbutt the centaur warrior!! The centaur warrior barely misses you.
You see here a komodo dragon corpse.
You barely miss the centaur warrior.
The centaur warrior is moderately wounded.
You block the centaur warrior's attack.
The centaur warrior kicks you but does no damage.
The centaur warrior hits you!
You die... ▓▓▓▓▓▓▓▓▓▓▓▓▓▓▓▓▓▓▓▓▓ +...@cp).....))..[... ▓▓▓▓▓▓▓▓▓▓▓▓▓▓▓▓▓▓▓▓▓

You could see a death knight and a centaur warrior.

Vanquished Creatures
  A centaur warrior (D)
  A skeletal warrior (D)
  2 komodo dragons (D)
  A troll (D)
  A wraith (D)
  A yak (D)
  A centaur (D)
  A kobold brigand (D)
  A wight (D)
  2 hounds (D)
  An iguana (D)
  A dart slug (D)
  An orc (D)
  A bat zombie (D)
  A hobgoblin (D)
  2 bats (D)
  A rat (D)
20 creatures vanquished.

Notes
Turn   | Place    | Note
-------+----------+-------------------------------------------
     0 | D        | Groucho the Minotaur Fighter began the quest for the Orb.
     0 | D        | Reached XP level 1. HP: 19/19 MP: 0/0
     4 | D        | Banished a spatial maelstrom
    10 | D        | Reached skill level 1 in Invocations
    16 | D        | Noticed an iguana
    16 | D        | Noticed a hound
    16 | D        | Noticed a hound
    19 | D        | Killed a hound
    20 | D        | Reached skill level 5 in Fighting
    20 | D        | Reached skill level 5 in Armour
    20 | D        | Reached skill level 5 in Shields
    20 | D        | Reached XP level 2. HP: 23/29 MP: 0/2
    20 | D        | Reached XP level 3. HP: 29/36 MP: 0/3
    37 | D        | Reached skill level 5 in Axes
    37 | D        | Reached XP level 4. HP: 27/44 MP: 2/5
   463 | D        | Found a snail-covered altar of Cheibriados.
   463 | D        | Found a shadowy altar of Dithmenos.
   463 | D        | Found a white marble altar of Elyvilon.
   463 | D        | Found a blossoming altar of Fedhas.
   463 | D        | Found an opulent altar of Gozag.
   464 | D        | Found a hazy altar of Hepliaklqana.
   465 | D        | Found a viscous altar of Jiyva.
   466 | D        | Found an ancient bone altar of Kikubaaqudgha.
   467 | D        | Became a worshipper of Cheibriados the Contemplative
   468 | D        | Found a corrupted altar of Lugonu.
   469 | D        | Found a burning altar of Makhleb.
   470 | D        | Found a sparkling altar of Nemelex Xobeh.
   471 | D        | Found an iron altar of Okawaru.
   472 | D        | Found a stormy altar of Qazlal.
   473 | D        | Found a sacrificial altar of Ru.
   474 | D        | Found a shimmering blue altar of Sif Muna.
   475 | D        | Found a bloodstained altar of Trog.
   476 | D        | Found a hide-covered altar of Uskayaw.
   477 | D        | Found a radiant altar of Vehumet.
   478 | D        | Found an ornate altar of the Wu Jian Council.
   479 | D        | Found a shimmering altar of Xom.
   480 | D        | Found a basalt altar of Yredelemnul.
   481 | D        | Found a glowing silver altar of Zin.
   482 | D        | Found a glowing golden altar of the Shining One.
   536 | D        | Noticed a kobold brigand
   536 | D        | Noticed a komodo dragon
   536 | D        | Noticed a yak
   536 | D        | Noticed a troll
   536 | D        | Noticed a centaur
   539 | D        | Killed a centaur
   540 | D        | Reached XP level 5. HP: 46/51 MP: 5/7
   549 | D        | Killed a troll
   550 | D        | Reached skill level 5 in Invocations
   550 | D        | Reached XP level 6. HP: 9/62 MP: 6/9
   555 | D        | Killed a yak
   555 | D        | Reached * piety under Cheibriados
   556 | D        | Reached XP level 7. HP: 19/69 MP: 7/10
   559 | D        | Killed a komodo dragon
   562 | D        | Reached ** piety under Cheibriados
   981 | D        | Noticed a komodo dragon
   981 | D        | Noticed a wraith
   981 | D        | Noticed a centaur warrior
   981 | D        | Noticed a death knight
   981 | D        | Noticed a skeletal warrior
   981 | D        | Noticed a centaur warrior
   985 | D        | Killed a centaur warrior
   986 | D        | Reached skill level 10 in Fighting
   986 | D        | Reached skill level 10 in Axes
   986 | D        | Reached skill level 10 in Armour
   986 | D        | Reached skill level 10 in Shields
   986 | D        | Reached XP level 8. HP: 65/81 MP: 11/13
  1010 | D        | Killed a skeletal warrior
  1011 | D        | Reached XP level 9. HP: 12/89 MP: 14/14
  1022 | D        | Killed a komodo dragon
  1024 | D        | Reached *** piety under Cheibriados
  1026 | D        | Slain by a centaur warrior

Illustrated notes

Levels and vault maps discovered:
D:        linesprint [early_d, line_temple, items_1, d_10, items_2, lair_1,
          lair_end, items_3, orc_1, orc_end, items_4, d_15, swamp_1, shoals_1,
          snake_1, spider_1, d_20, vaults_1, items_5, swamp_end, shoals_end,
          snake_end, spider_end, vaults_end, d_27, items_6, zot_1, zot_end,
          crypt_end, forest_end, elf_end, slime_end, tomb_end, abyss_end,
          pan_hell_end]

Skill      XL: |  1  2  3  4  5  6  7  8 |
---------------+-------------------------+-----
Fighting       | 5 6 8 10 11 | 11.8
Armour         | 5 6 8 10 11 | 11.8
Shields        | 5 6 8 10 11 | 11.8
Axes           | 4 5 6 7 8 10 11 | 11.5
Invocations    | 2 3 4 5 6 8 9 |  9.5

Action                   |  1- 3 |  4- 6 |  7- 9 || total
-------------------------+-------+-------+-------++-------
Melee: War axe           |    24 |    20 |    43 ||    87
       Headbutt          |     2 |    10 |    18 ||    30
  Use: Potion            |     1 |     3 |     6 ||    10
       Scroll            |       |       |     1 ||     1
 Stab: Invisible         |       |     1 |     2 ||     3
Armor: Scale mail        |    11 |       |       ||    11
       Plate armour      |       |    20 |    12 ||    32
Dodge: Dodged            |     6 |     5 |     6 ||    17
Block: Kite shield       |    15 |    20 |    29 ||    64
